NCAA
SETON HALL PIRATES @ UTAH UTES
05/06/2024
 
TOP OF THE 1ST
Seton Hall Pirates batting - Pitching for Utah Utes : RHP Carlos Sierra
Pitching: RHP Carlos Sierra
Batting: SHB Eduardo Sánchez 0-0: Called Strike
0-1: Called Strike
0-2: Ball
1-2: Ball
2-2: Strikes out swinging
Batting: RHB Juan Hinojosa 0-0: Swinging Strike
0-1: Foul Ball, location: 2F
0-2: Strikes out looking
Batting: LHB Craig White 0-0: Ball
1-0: Fly out, F5 (Popup, 5F)
Top of the 1st over - 0 run(s), 0 hit(s), 0 error(s), 0 left on base; Seton Hall 0 - Utah 0
BOTTOM OF THE 1ST
Utah Utes batting - Pitching for Seton Hall Pirates : LHP Michael Rose
Pitching: LHP Michael Rose
Batting: RHB Todd Oliver 0-0: Ball
1-0: Fly out, F4 (Line Drive, 4M)
Batting: RHB Hunter Plunket 0-0: SINGLE (Groundball, 56D) (infield hit)
Batting: LHB Felipe Valino 0-0: Ball
1-0: Ball
2-0: Fielders Choice at 2nd, 1-4 (Groundball, 13S)
Batting: LHB Max Hoskins 0-0: Called Strike
0-1: Called Strike
0-2: Ball
1-2: Foul Ball, location: 2F
1-2: Strikes out swinging
Bottom of the 1st over - 0 run(s), 1 hit(s), 0 error(s), 1 left on base; Seton Hall 0 - Utah 0
TOP OF THE 2ND
Seton Hall Pirates batting - Pitching for Utah Utes : RHP Carlos Sierra
Batting: RHB Carlos Guevara 0-0: Foul Ball, location: 2F
0-1: Ball
1-1: DOUBLE (Flyball, 78M)
Batting: LHB Kyle Petersen 0-0: Ball
1-0: Called Strike
1-1: Ball
2-1: Foul Ball, location: 2F
2-2: Strikes out swinging
Batting: SHB Júlio Romano 0-0: Ball
1-0: Called Strike
1-1: SINGLE (Line Drive, 6MD)
Carlos Guevara to third
Throwing error, E8
Carlos Guevara scores
Júlio Romano to second
Batting: RHB Herb Newman 0-0: Ball
1-0: Called Strike
1-1: Swinging Strike
1-2: Ball
2-2: Fly out, F6 (Popup, 6S)
Batting: RHB Jerry Ward 0-0: Foul Ball, location: 2F
0-1: Foul Ball, location: 2F
0-2: Ball
1-2: Strikes out swinging
Top of the 2nd over - 1 run(s), 2 hit(s), 1 error(s), 1 left on base; Seton Hall 1 - Utah 0
BOTTOM OF THE 2ND
Utah Utes batting - Pitching for Seton Hall Pirates : LHP Michael Rose
Batting: LHB Phil Cantrell 0-0: Called Strike
0-1: Ball
1-1: Fly out, F8 (Flyball, 8RM)
Batting: LHB William Butler 0-0: SINGLE (Groundball, 34D)
Batting: SHB George Wilder 0-0: Ball
1-0: SINGLE (Groundball, 6MD)
William Butler to second
Batting: RHB Matt Vargas 0-0: Swinging Strike
0-1: Ball
1-1: Ball
2-1: Ball
3-1: Fly out, F4 (Popup, 4MS)
Batting: SHB Lewis Woods 0-0: Foul Ball, location: 2F
0-1: Ball
1-1: Ball
2-1: Foul Ball, location: 2F
2-2: Ball
3-2: Ground out 2-3 (Groundball, 2R)
Bottom of the 2nd over - 0 run(s), 2 hit(s), 0 error(s), 2 left on base; Seton Hall 1 - Utah 0
TOP OF THE 3RD
Seton Hall Pirates batting - Pitching for Utah Utes : RHP Carlos Sierra
Batting: SHB Michael Miller 0-0: Ball
1-0: Foul Ball, location: 2F
1-1: Foul Ball, location: 2F
1-2: Ground out 1-3 (Groundball, 13)
Batting: SHB Eduardo Sánchez 0-0: Called Strike
0-1: Reached on error, E5 (Groundball, 56S)
Batting: RHB Juan Hinojosa 0-0: Called Strike
0-1: SINGLE (Line Drive, 78M)
Eduardo Sánchez to third
Runner from 3rd tries for Home, SAFE, no throw or cutoff
Batting: LHB Craig White 0-0: Ball
1-0: Called Strike
Juan Hinojosa is caught stealing 2nd base
1-1: Swinging Strike
1-2: Foul Ball, location: 2F
1-2: Ground out U3 (Groundball, 3)
Top of the 3rd over - 1 run(s), 1 hit(s), 1 error(s), 0 left on base; Seton Hall 2 - Utah 0
BOTTOM OF THE 3RD
Utah Utes batting - Pitching for Seton Hall Pirates : LHP Michael Rose
Batting: RHB Todd Oliver 0-0: Fly out, F7 (Flyball, 7LM)
Batting: RHB Hunter Plunket 0-0: DOUBLE (Line Drive, 7LS)
Batting: LHB Felipe Valino 0-0: Ball
1-0: SINGLE (Groundball, 6D)
Hunter Plunket to third
Runner from 3rd tries for Home, SAFE, no throw or cutoff
Batting: LHB Max Hoskins 0-0: SINGLE (Groundball, 13) (infield hit)
Felipe Valino to second
Batting: LHB Phil Cantrell 0-0: Called Strike
0-1: Foul Ball, location: 2F
0-2: SINGLE (Line Drive, 34D)
Felipe Valino to third
Max Hoskins to second
Batting: LHB William Butler 0-0: Ball
1-0: Called Strike
1-1: Foul Ball, location: 2F
1-2: Foul Ball, location: 2F
1-2: Ball
2-2: Foul Ball, location: 2F
2-2: SINGLE (Flyball, 8LS)
Felipe Valino scores
Max Hoskins to third
Phil Cantrell to second
Batting: SHB George Wilder 0-0: Called Strike
0-1: Grounds into fielders choice 1-2 (Groundball, 13S)
Phil Cantrell to third
William Butler to second
Batting: RHB Matt Vargas 0-0: Fly out, F7 (Line Drive, 78M)
Bottom of the 3rd over - 2 run(s), 5 hit(s), 0 error(s), 3 left on base; Seton Hall 2 - Utah 2
TOP OF THE 4TH
Seton Hall Pirates batting - Pitching for Utah Utes : RHP Carlos Sierra
Batting: RHB Carlos Guevara 0-0: Foul Ball, location: 2F
0-1: Ball
1-1: Swinging Strike
1-2: Strikes out swinging
Batting: LHB Kyle Petersen 0-0: Ball
1-0: Called Strike
1-1: Foul Ball, location: 2F
1-2: Foul Ball, location: 2F
1-2: Foul Ball, location: 2F
1-2: Ball
2-2: Foul Ball, location: 2F
2-2: Ground out 1-3 (Groundball, 13S)
Batting: SHB Júlio Romano 0-0: Ground out U3 (Groundball, 3)
Top of the 4th over - 0 run(s), 0 hit(s), 0 error(s), 0 left on base; Seton Hall 2 - Utah 2
BOTTOM OF THE 4TH
Utah Utes batting - Pitching for Seton Hall Pirates : LHP Michael Rose
Batting: SHB Lewis Woods 0-0: Ball
1-0: Ball
2-0: Ball
3-0: Called Strike
3-1: Called Strike
3-2: Base on Balls
Batting: RHB Todd Oliver 0-0: Foul Ball, location: 2F
0-1: SINGLE (Groundball, 5L)
Lewis Woods to second
Batting: RHB Hunter Plunket 0-0: Called Strike
0-1: Reached on error, E4 (Groundball, 4)
Lewis Woods to third
Todd Oliver to second
Batting: LHB Felipe Valino 0-0: Swinging Strike
0-1: Called Strike
0-2: Ball
Wild Pitch!
Lewis Woods scores
Todd Oliver to third
Hunter Plunket to second
1-2: Strikes out swinging
Batting: LHB Max Hoskins 0-0: Ball
1-0: Ball
2-0: Swinging Strike
2-1: Swinging Strike
2-2: Foul Ball, location: 2F
2-2: Fly out, F7 (Flyball, 78D)
Runner from 3rd tags up, SCORES, no throw
Batting: LHB Phil Cantrell 0-0: Called Strike
0-1: Ball
1-1: Foul Ball, location: 2F
1-2: Ground out 5-3 (Groundball, 56S)
Bottom of the 4th over - 2 run(s), 1 hit(s), 1 error(s), 1 left on base; Seton Hall 2 - Utah 4
TOP OF THE 5TH
Seton Hall Pirates batting - Pitching for Utah Utes : RHP Carlos Sierra
Batting: RHB Herb Newman 0-0: SINGLE (Line Drive, 6MD)
Batting: RHB Jerry Ward 0-0: Ball
1-0: Foul Ball, location: 2F
1-1: Grounds into double play, 6-4-3 (Groundball, 6)
Batting: SHB Michael Miller 0-0: Ball
1-0: Ball
2-0: Swinging Strike
2-1: Foul Ball, location: 2F
2-2: Ball
3-2: SINGLE (Groundball, 56D) (infield hit)
Batting: SHB Eduardo Sánchez 0-0: Ball
1-0: Ball
Michael Miller steals 2nd base
2-0: Called Strike
2-1: Ball
3-1: Called Strike
3-2: Foul Ball, location: 2F
3-2: Base on Balls
Batting: RHB Juan Hinojosa 0-0: Called Strike
0-1: Ball
1-1: Foul Ball, location: 2F
1-2: Ball
2-2: Strikes out swinging wild pitch, reaches first!
Michael Miller to third
Eduardo Sánchez to second
Batting: LHB Craig White 0-0: Called Strike
0-1: Fly out, F7 (Flyball, 7S)
Top of the 5th over - 0 run(s), 2 hit(s), 0 error(s), 3 left on base; Seton Hall 2 - Utah 4
BOTTOM OF THE 5TH
Utah Utes batting - Pitching for Seton Hall Pirates : LHP Michael Rose
Batting: LHB William Butler 0-0: Foul Ball, location: 2F
0-1: Swinging Strike
0-2: Ball
1-2: Ball
2-2: Strikes out swinging
Batting: SHB George Wilder 0-0: Called Strike
0-1: Ball
1-1: Ball
2-1: Ball
3-1: Base on Balls
Pitching: RHP Francisco Villanueva
Batting: RHB Matt Vargas 0-0: Foul Ball, location: 2F
0-1: Ball
1-1: Foul Ball, location: 2F
1-2: Strikes out looking
Batting: SHB Lewis Woods 0-0: Swinging Strike
0-1: Foul Ball, location: 2F
0-2: Ball
1-2: Ball
2-2: Ball
3-2: Foul Ball, location: 2F
3-2: Ground out 4-3 (Groundball, 4)
Bottom of the 5th over - 0 run(s), 0 hit(s), 0 error(s), 1 left on base; Seton Hall 2 - Utah 4
TOP OF THE 6TH
Seton Hall Pirates batting - Pitching for Utah Utes : RHP Carlos Sierra
Pitching: LHP Frederick Powell
Batting: RHB Carlos Guevara 0-0: Called Strike
0-1: Ball
1-1: SINGLE (Line Drive, 6MD)
Batting: LHB Kyle Petersen 0-0: Fly out, F7 (Flyball, 7S)
Batting: SHB Júlio Romano 0-0: Foul Ball, location: 2F
0-1: TRIPLE (Flyball, 78M)
Carlos Guevara scores
Batting: RHB Herb Newman 0-0: Fly out, F8 (Flyball, 8RXD)
Runner from 3rd tags up, SCORES, no throw
Batting: RHB Jerry Ward 0-0: Ball
1-0: Called Strike
1-1: Ball
2-1: Ball
3-1: Base on Balls
Batting: SHB Michael Miller 0-0: Ball
1-0: Fly out, F5 (Popup, 5F)
Top of the 6th over - 2 run(s), 2 hit(s), 0 error(s), 1 left on base; Seton Hall 4 - Utah 4
BOTTOM OF THE 6TH
Utah Utes batting - Pitching for Seton Hall Pirates : RHP Francisco Villanueva
Batting: RHB Todd Oliver 0-0: Ball
1-0: Ball
2-0: Ground out 5-3 (Groundball, 5)
Batting: RHB Hunter Plunket 0-0: DOUBLE (Line Drive, 8RM)
Batting: LHB Felipe Valino 0-0: Ball
1-0: DOUBLE (Line Drive, 8RXD)
Hunter Plunket scores
Batting: LHB Max Hoskins 0-0: Ball
1-0: Ball
2-0: Ball
3-0: Called Strike
3-1: SINGLE (Flyball, 8RS)
Felipe Valino to third
Runner from 3rd tries for Home, SAFE, no throw or cutoff
Batting: LHB Phil Cantrell 0-0: Ball
1-0: Foul Ball, location: 2F
1-1: Called Strike
1-2: Fly out, F3 (Popup, 3SF)
Batting: LHB William Butler 0-0: Called Strike
0-1: Ball
1-1: Ground out 4-3 (Groundball, 4)
Bottom of the 6th over - 2 run(s), 3 hit(s), 0 error(s), 1 left on base; Seton Hall 4 - Utah 6
TOP OF THE 7TH
Seton Hall Pirates batting - Pitching for Utah Utes : LHP Frederick Powell
Batting: SHB Eduardo Sánchez 0-0: Called Strike
0-1: Ball
1-1: Foul Ball, location: 2F
1-2: Ball
2-2: Foul Ball, location: 2F
2-2: Strikes out swinging
Batting: RHB Juan Hinojosa 0-0: Called Strike
0-1: Ball
1-1: Foul Ball, location: 2F
1-2: Strikes out swinging
Batting: LHB Craig White 0-0: Called Strike
0-1: Ball
1-1: Fly out, F8 (Flyball, 8LM)
Top of the 7th over - 0 run(s), 0 hit(s), 0 error(s), 0 left on base; Seton Hall 4 - Utah 6
BOTTOM OF THE 7TH
Utah Utes batting - Pitching for Seton Hall Pirates : RHP Francisco Villanueva
Batting: SHB George Wilder 0-0: SOLO HOME RUN (Flyball, 9LD), Distance : 347 ft
Pitching: RHP Johnny Monroe
Batting: RHB Matt Vargas 0-0: Ball
1-0: Swinging Strike
1-1: DOUBLE (Line Drive, 5D)
Batting: SHB Lewis Woods 0-0: Intentional Walk
Batting: RHB Todd Oliver 0-0: Sac Bunt - play at first, batter OUT! 6-3
Matt Vargas to third
Lewis Woods to second
Batting: RHB Hunter Plunket 0-0: Called Strike
0-1: Ball
1-1: Foul Ball, location: 2F
1-2: Fly out, F7 (Flyball, 7S)
Batting: LHB Felipe Valino 0-0: Ball
1-0: Ground out 6-3 (Groundball, 6)
Bottom of the 7th over - 1 run(s), 2 hit(s), 0 error(s), 2 left on base; Seton Hall 4 - Utah 7
TOP OF THE 8TH
Seton Hall Pirates batting - Pitching for Utah Utes : LHP Frederick Powell
Pitching: LHP Michael George
Batting: RHB Carlos Guevara 0-0: Ball
1-0: Ball
2-0: Called Strike
2-1: Ball
3-1: Base on Balls
Batting: LHB Kyle Petersen 0-0: Called Strike
0-1: Ball
1-1: Ball
2-1: Grounds into double play, 5-4-3 (Groundball, 56)
Batting: SHB Júlio Romano 0-0: Ground out 5-3 (Groundball, 56S)
Top of the 8th over - 0 run(s), 0 hit(s), 0 error(s), 0 left on base; Seton Hall 4 - Utah 7
BOTTOM OF THE 8TH
Utah Utes batting - Pitching for Seton Hall Pirates : RHP Johnny Monroe
Batting: LHB Max Hoskins 0-0: Ball
1-0: Ball
2-0: Ball
3-0: Called Strike
3-1: Base on Balls
Batting: LHB Phil Cantrell 0-0: Ball
1-0: Swinging Strike
1-1: Called Strike
1-2: Foul Ball, location: 2F
1-2: Ball
2-2: Strikes out swinging
Batting: LHB William Butler 0-0: Fly out, F9 (Line Drive, 9D)
Batting: SHB George Wilder 0-0: SINGLE (Groundball, 6MD)
Max Hoskins to second
Batting: RHB Matt Vargas 0-0: Swinging Strike
0-1: Ball
1-1: Ball
2-1: Called Strike
2-2: Ball
3-2: Strikes out looking
Bottom of the 8th over - 0 run(s), 1 hit(s), 0 error(s), 2 left on base; Seton Hall 4 - Utah 7
TOP OF THE 9TH
Seton Hall Pirates batting - Pitching for Utah Utes : LHP Michael George
Pitching: RHP Joe King
Batting: RHB Herb Newman 0-0: Ball
1-0: Ball
2-0: Ball
3-0: Called Strike
3-1: Foul Ball, location: 2F
3-2: Foul Ball, location: 2F
3-2: Strikes out looking
Batting: RHB Jerry Ward 0-0: Called Strike
0-1: Ball
1-1: Foul Ball, location: 2F
1-2: Foul Ball, location: 2F
1-2: Ball
2-2: Ball
3-2: Foul Ball, location: 2F
3-2: Foul Ball, location: 2F
3-2: Strikes out looking
Batting: SHB Michael Miller 0-0: Ball
1-0: Swinging Strike
1-1: Ball
2-1: Swinging Strike
2-2: Foul Ball, location: 2F
2-2: SINGLE (Line Drive, 56D)
Batting: SHB Eduardo Sánchez 0-0: Called Strike
0-1: Ball
1-1: Ball
2-1: Swinging Strike
2-2: Foul Ball, location: 2F
2-2: Strikes out swinging
Top of the 9th over - 0 run(s), 1 hit(s), 0 error(s), 1 left on base; Seton Hall 4 - Utah 7
This league is powered by Out of the Park Baseball, the baseball management simulation game for PC, Mac and Linux
Saturday, April 9th, 2016 - OOTP Baseball 16.8 Build 38